cohdb
Replays
Latest Replays
All Replays
Popular Replays
Top Player Replays
Match Explorer
How It Works
Community
CoH3 Stats
Reddit
Sign in to upload your games and track your stats! →
Sign in with Steam
Match 45109917
Unlisted
Match 45109917
Overview
Messages
Build Orders
End
Pioneer Squad
Construct Infanterie Kompanie
MG 42 Machine Gun Team
Selects Luftwaffe Battlegroup
Selects Luftwaffe Pioneer Support
Fallschirmpioneer Squad Paradrop
GrW 34 Mortar Team
MG 42 Machine Gun Team
Grenadier Squad
Construct Panzergrenadier Kompanie
Medical Station
Panzergrenadier Squad
Selects Stuka Strafing Run
Stuka Strafing Run
Panzergrenadier Squad
Stuka Strafing Run
Pak 40 Anti-tank Gun Team
Stuka Strafing Run
Pak 40 Anti-tank Gun Team
Fallschirmpioneer Squad Paradrop
Stuka Strafing Run
Selects Fallschirmjäger Squad Paradrop
Support Elements
Grenadier Squad
Selects Stuka Loiter
Array
BUNGA BUNGA
XavRS
Prowley
0
0
Comments
sign in to comment!
No comments posted yet!